 Dungeon Crawl Stone Soup version 0.26-a0-284-g73c0fb6129 (webtiles) character file.

Game seed: 18107850735155805203

218 dvd2 the Skirmisher (level 6, -4/49 HPs)
             Began as a Formicid Abyssal Knight on July 13, 2020.
             Was a Priest of Lugonu.
             Slain by Grinder (6 damage)
             ... on level 3 of the Dungeon.
             The game lasted 00:06:01 (3547 turns).

dvd2 the Skirmisher (Formicid Abyssal Knight)       Turns: 3547, Time: 00:06:02

Health: -4/49      AC:  5    Str: 18    XL:     6   Next: 17%
Magic:  7/7        EV: 11    Int: 12    God:    Lugonu [***...]
Gold:   97         SH:  0    Dex: 10    Spells: 5/5 levels left

rFire    . . .     SeeInvis +   a - +1 hand axe
rCold    . . .     Faith    .   (no shield)
rNeg     . . .     Spirit   .   f - +0 ring mail
rPois    .         Reflect  .   (helmet unavailable)
rElec    .         Harm     .   (no cloak)
rCorr    .                      (no gloves)
MR       .....                  (no boots)
Stlth    ..........             (no amulet)
HPRegen  0.16/turn              (no ring)
MPRegen  0.10/turn              (no ring)

@: no status effects
A: permanent stasis, dig shafts and tunnels, four strong arms, antennae 3
a: Dig, Shaft Self, Depart the Abyss, Bend Space, Banish, Renounce Religion


You were on level 3 of the Dungeon.
You worshipped Lugonu.
Lugonu was most pleased with you.
You visited 1 branch of the dungeon, and saw 3 of its levels.
You visited the Abyss 1 time.
You also visited: Sewer.

You collected 97 gold pieces.

Inventory:

Hand Weapons
 a - a +1 hand axe (weapon)
 l - a +3 rapier
Armour
 f - a +0 ring mail (worn)
Scrolls
 d - 4 scrolls of identify {unknown}
 g - 3 scrolls of remove curse {unknown}
 h - 3 scrolls of enchant weapon {unknown}
 j - a scroll of blinking {unknown}
 k - a scroll of teleportation {unknown}
 p - 4 scrolls of fog {unknown}
Potions
 b - 4 potions of stabbing {unknown}
 c - a potion of mutation {unknown}
 e - a potion of lignification {unknown}
 i - 5 potions of heal wounds {unknown}
 m - a potion of flight {unknown}
 n - 2 potions of curing {unknown}
 o - 2 potions of might {unknown}
 q - a potion of resistance {unknown}
 r - a potion of brilliance {unknown}


   Skills:
 + Level 4.4 Fighting
 + Level 4.0 Axes
 + Level 3.5 Armour
 + Level 2.0 Dodging
 + Level 0.1 Stealth
 + Level 2.1 Invocations


You had 5 spell levels left.
You didn't know any spells.
Your spell library was empty.

Dungeon Overview and Level Annotations

Branches:
Dungeon (3/15)              Sewer (visited)

Altars:
Gozag
Okawaru

Annotations:
D:3 Grinder


Innate Abilities, Weirdness & Mutations

You cannot be hasted, slowed, berserked, paralysed or teleported.
You can dig through walls and to a lower floor.
Your four strong arms can wield two-handed weapons with a shield.
You have a pair of large antennae on your head. (SInv)


Message History

Grinder blinks!
You aren't carrying any items that you can evoke.
Unknown command.
Unknown command.
Grinder blinks!
Grinder gestures at you. You resist with some effort. Grinder misses you.
You closely miss Grinder.
Grinder is almost dead.
Grinder hits you.
* * * LOW HITPOINT WARNING * * *
You writhe in agony.
* * * LOW HITPOINT WARNING * * *
You hit Grinder.
Grinder is almost dead.
Grinder hits you.
* * * LOW HITPOINT WARNING * * *
You writhe in agony.
You die...

#.### #..# #.....≈≈....# #...#
#..#####.##≈≈≈≈≈##.# ###.#
#....>.5.##≈≈≈≈≈##.# #.#
#........≈≈.....≈≈.# #.#
##########..≈≈.....≈≈.## #.#
#.......##..≈≈.....≈≈..#
#.###.##........≈≈.....≈≈..#
#.##...#.##.###5≈≈.....≈≈..#
#.##.#........@.##≈≈.≈≈##..#
##......#.##.###.##≈≈.≈≈##..#
##...##.##.##.###≈...........#
<.....#..............#.#####.#
.#.............###.....#
.##.######..##.#
#...######..## ...## #..##.#
#....)........ ...###
#..##.####..########## .....#
#..##....#...#


You could see Grinder.

Vanquished Creatures
  A big kobold (Sewer)
  A worker ant (D:3)
  3 adders (D:2)
  2 oozes
  A worm (D:3)
  3 dart slugs (D:1)
  3 leopard geckos (D:2)
  An orc (D:3)
  3 ball pythons
  7 giant cockroaches
  6 goblins
  6 hobgoblins
  5 jackals
  18 kobolds
  2 quokkas (D:3)
  8 bats
  5 frilled lizards
  8 rats
83 creatures vanquished.

Notes
Turn   | Place    | Note
-------+----------+-------------------------------------------
     0 | Abyss:1  | dvd2 the Formicid Abyssal Knight began the quest for the
                  | Orb.
     0 | Abyss:1  | Reached XP level 1. HP: 18/18 MP: 2/2
    10 | D:1      | Escaped the Abyss
   247 | D:1      | Reached XP level 2. HP: 18/24 MP: 3/3
   801 | D:1      | Reached XP level 3. HP: 30/30 MP: 4/4
  1374 | D:2      | Reached skill level 1 in Dodging
  1412 | D:2      | Reached XP level 4. HP: 17/37 MP: 5/5
  1703 | D:2      | Found an iron altar of Okawaru.
  1765 | D:2      | Reached ** piety under Lugonu
  2130 | D:3      | Noticed Grinder
  2202 | D:3      | Found a glowing drain.
  2226 | Sewer    | Entered a sewer
  2375 | Sewer    | Reached XP level 5. HP: 38/42 MP: 6/6
  2435 | Sewer    | Noticed a big kobold
  2455 | Sewer    | Killed a big kobold
  2801 | Sewer    | Reached *** piety under Lugonu
  2963 | D:3      | Reached XP level 6. HP: 28/49 MP: 7/7
  3240 | D:3      | Found an opulent altar of Gozag.
  3547 | D:3      | HP: 2/49 [Grinder (2)]
  3547 | D:3      | Slain by Grinder

Illustrated notes

Levels and vault maps discovered:
D:1:      shiori_arrival_oz, layout_loops_corners
D:2:      layout_rooms, minmay_crystal_room, okawaru_ov_weapons_minmay
D:3:      layout_loops_ring, nicolae_overflow_crystal_walls,
          cheibrodos_sewer_entry_sluice, nicolae_tso_swordbearing_angel,
          uniq_grinder

Skill      XL: |  1  2  3  4  5  6 |
---------------+-------------------+-----
Fighting       | 4 |  4.4
Dodging        | 1 2 |  2.0
Axes           | 3 4 |  4.0
Armour         | 3 |  3.5
Stealth        | |  0.1
Invocations    | |  2.1

Action                   |  1- 3 |  4- 6 || total
-------------------------+-------+-------++-------
Melee: Hand axe          |    89 |   237 ||   326
Armor: Leather armour    |    17 |       ||    17
       Ring mail         |    11 |    87 ||    98
Dodge: Dodged            |    46 |   170 ||   216

Table legend:
 A = Non-vault XP
 B = Vault XP
 C = Vault XP percentage of total XP
 D = Non-vault monster count
 E = Vault monster count
 F = Vault count percentage of total count
                 A         B        C        D         E       F
            +---------+---------+-------+---------+---------+-------
      Total |     177 |     135 |  43.3 |      55 |      28 |  33.7
            +---------+---------+-------+---------+---------+-------
        D:1 |      40 |       2 |   4.8 |      19 |       1 |   5.0
        D:2 |      74 |       0 |   0.0 |      21 |       0 |   0.0
        D:3 |      63 |       5 |   7.4 |      15 |       3 |  16.7
      Sewer |       0 |     128 | 100.0 |       0 |      24 | 100.0
            +---------+---------+-------+---------+---------+-------
